Map: Cactus Valley LE (Void)

Players

Gemini - Winner!

  • Race: Protoss Protoss
  • League: Master
  • Spawn Location: 5:00

UpATree

  • Race: Terran Terran
  • League: Master
  • Spawn Location: 7:00

VOD

Have the link to the VOD?

Description

Time

  • Played on: Jan. 25, 2017, 6:16 p.m.
  • Length: 12:51
Show
View Real Time Build Order
Export as new Build Order

Gemini Protoss - Winner!

Build Orders: 1 Gate Expand, Oracle Opening 

Get SALT Encoding   

  12  0:02  Probe (Chrono Boost)  
  13  0:13  Probe (Chrono Boost)  
  14  0:19  Pylon  
  14  0:23  Probe (Chrono Boost)  
  15  0:37  Probe (Chrono Boost)  
  15  0:38  Gateway  
  16  0:47  Assimilator  
  16  0:48  Probe (Chrono Boost)  
  17  0:58  Probe (Chrono Boost)  
  19  1:11  Probe (Chrono Boost)  
  19  1:22  Nexus  
  19  1:26  Probe (Chrono Boost)  
  20  1:37  Cybernetics Core  
  21  1:40  Probe (Chrono Boost)  
  21  1:49  Assimilator  
  21  1:50  Probe (Chrono Boost)  
  22  2:00  Pylon  
  22  2:01  Probe (Chrono Boost)  
  23  2:14  Adept  
  23  2:15  Warp Gate  
  23  2:19  Probe (Chrono Boost)  
  26  2:31  Stargate, Probe (Chrono Boost)  
  26  2:36  Probe (Chrono Boost)  
  28  2:38  Adept  
  28  2:44  Probe (Chrono Boost)  
  31  2:46  Probe (Chrono Boost)  
  32  2:56  Probe (Chrono Boost)  
  32  2:57  Probe (Chrono Boost)  
  34  3:03  Adept  
  36  3:08  Probe (Chrono Boost)  
  36  3:09  Probe (Chrono Boost)  
  36  3:10  Oracle  
  43  3:20  Probe x2 (Chrono Boost)  
  43  3:25  Pylon  
  43  3:30  Probe (Chrono Boost)  
  43  3:32  Probe (Chrono Boost)  
  45  3:41  Probe (Chrono Boost)  
  46  3:45  Probe (Chrono Boost)  
  46  3:46  Gateway, Assimilator  
  46  3:47  Gateway  
  47  3:49  Assimilator, Pylon  
  47  3:51  Probe (Chrono Boost)  
  49  3:57  Probe (Chrono Boost)  
  49  4:02  Probe (Chrono Boost)  
  50  4:03  Phoenix  
  50  4:09  Probe (Chrono Boost)  
  53  4:12  Probe (Chrono Boost)  
  54  4:21  Probe (Chrono Boost)  
  54  4:23  Probe (Chrono Boost)  
  56  4:33  Probe x2 (Chrono Boost)  
  56  4:34  Phoenix  
  60  4:44  Probe (Chrono Boost)  
  60  4:45  Probe (Chrono Boost)  
  60  4:56  Adept  
  62  5:00  Nexus, Pylon  
  62  5:02  Pylon  
  62  5:03  Pylon x2  
  62  5:15  Phoenix  
  62  5:19  Mothership Core (Chrono Boost)  
  62  5:20  Sentry, Probe (Chrono Boost), Adept x2  
  73  5:21  Pylon  
  73  5:28  Forge  
  73  5:31  Twilight Council  
  73  5:32  Probe (Chrono Boost)  
  73  5:34  Pylon  
  74  5:37  Probe (Chrono Boost)  
  74  5:40  Phoenix  
  72  5:45  Probe (Chrono Boost), Adept x3  
  72  5:48  Probe (Chrono Boost)  
  82  5:50  Protoss Ground Weapons Level 1  
  82  5:51  Pylon  
  82  5:56  Resonating Glaives  
  82  5:57  Probe (Chrono Boost)  
  83  6:04  Robotics Facility  
  83  6:12  Gateway x2  
  83  6:18  Adept x3  
  89  6:27  Probe (Chrono Boost)  
  89  6:28  Probe (Chrono Boost)  
  89  6:29  Probe (Chrono Boost)  
  92  6:38  Probe (Chrono Boost)  
  94  6:40  Probe (Chrono Boost)  
  94  6:41  Adept x3  
  100  6:51  Pylon x2  
  98  7:01  Gateway  
  98  7:02  Sentry, Gateway  
  98  7:03  Sentry, Pylon  
  98  7:04  Gateway  
  102  7:09  Probe (Chrono Boost)  
  102  7:10  Probe x2 (Chrono Boost)  
  102  7:12  Warp Prism  
  102  7:14  Adept  
  107  7:18  Phoenix  
  107  7:19  Probe (Chrono Boost)  
  107  7:22  Probe x2 (Chrono Boost)  
  114  7:25  Adept x2  
  118  7:30  Probe (Chrono Boost), Pylon  
  118  7:32  Pylon  
  118  7:34  Probe x2 (Chrono Boost)  
  118  7:35  Adept x2  
  125  7:40  Probe (Chrono Boost)  
  126  7:46  Probe (Chrono Boost)  
  126  7:47  Probe (Chrono Boost)  
  126  7:49  Observer  
  129  7:51  Probe (Chrono Boost)  
  129  7:55  Adept x5  
  129  7:57  Assimilator  
  140  7:58  Assimilator, Pylon  
  140  7:59  Protoss Ground Armor Level 1  
  140  8:12  Adept x3  
  146  8:17  Adept x2  
  150  8:26  Blink  
  150  8:30  Probe x2 (Chrono Boost)  
  150  8:33  Stalker x3  
  152  8:38  Observer  
  153  8:42  Robotics Facility  
  153  8:45  Robotics Bay, Pylon  
  153  8:54  Stalker x4  
  161  8:59  Pylon  
  161  9:10  Adept  
  161  9:11  Adept x3  
  169  9:19  Extended Thermal Lance  
  153  9:25  Colossus x2  
  145  9:36  Adept x2, Stalker x4  
  145  9:37  Adept x2  
  171  9:59  Nexus  
  167  10:02  Protoss Ground Armor Level 2  
  167  10:03  Forge, Pylon x2  
  167  10:05  Pylon  
  167  10:09  Gateway  
  167  10:11  Pylon, Colossus  
  167  10:12  Colossus  
  167  10:13  Pylon  
  179  10:29  Stalker x4  
  179  10:35  Stalker x2  
  189  10:42  Adept x2  
  166  11:14  Adept x8  
  168  11:33  Warp Prism  
  164  11:54  Stalker x6  
  164  11:56  Nexus, Pylon  
  164  11:57  Pylon  
  176  12:02  Robotics Facility  
  176  12:06  Stalker x2  
  170  12:26  Adept x3  
  164  12:38  Adept  
  164  12:39  Adept x5  
Show
View Real Time Build Order
Export as new Build Order

UpATree Terran 

Build Orders: Command Center First (CC), MMM Bio 

Get SALT Encoding   

  12  0:03  SCV  
  13  0:15  SCV  
  13  0:20  Supply Depot  
  14  0:27  SCV  
  15  0:41  SCV  
  16  0:53  SCV  
  17  1:02  Command Center  
  17  1:05  SCV  
  18  1:16  Barracks  
  18  1:22  SCV  
  19  1:33  Barracks  
  19  1:34  SCV  
  20  1:46  Barracks  
  20  1:50  SCV  
  21  2:05  Marine  
  21  2:06  Orbital Command  
  22  2:12  Refinery  
  22  2:14  Refinery  
  22  2:21  Marine  
  23  2:28  Orbital Command  
  23  2:33  SCV  
  23  2:35  Marine  
  25  2:42  Marine  
  27  2:45  Barracks Tech Lab  
  27  2:46  SCV  
  27  2:55  Marine  
  27  2:57  Supply Depot  
  27  2:58  SCV  
  29  3:01  Marine  
  29  3:05  Stimpack, Marine  
  31  3:13  SCV, Marine  
  31  3:16  SCV  
  33  3:20  Supply Depot  
  33  3:22  Marine  
  34  3:29  Factory, SCV  
  36  3:34  Barracks Reactor  
  36  3:35  SCV  
  36  3:41  SCV, Marine x2  
  37  3:47  SCV  
  40  3:51  Supply Depot  
  40  3:53  SCV  
  41  3:59  SCV  
  41  4:02  Marine  
  44  4:03  Barracks Tech Lab  
  44  4:05  SCV  
  44  4:11  SCV  
  44  4:14  Marine  
  44  4:15  Marine  
  44  4:17  SCV  
  44  4:23  SCV  
  45  4:27  Marine x2  
  45  4:28  Combat Shields  
  45  4:29  SCV  
  45  4:37  Factory Reactor  
  45  4:38  Starport  
  41  4:48  SCV  
  41  4:49  SCV  
  42  4:54  Engineering Bay  
  42  5:00  SCV, Marine x3  
  42  5:01  SCV  
  47  5:09  Marine  
  47  5:12  Concussive Shells  
  47  5:13  SCV x2  
  50  5:18  Marine  
  50  5:19  Terran Infantry Weapons Level 1  
  51  5:22  Missile Turret  
  51  5:25  Missile Turret, SCV  
  51  5:26  Marine x2  
  51  5:44  SCV  
  51  5:45  Marine x3  
  51  5:46  Medivac, Marauder  
  51  5:47  SCV  
  60  5:52  Refinery  
  60  5:56  SCV  
  61  6:00  SCV  
  61  6:01  Supply Depot x2  
  61  6:02  Barracks  
  61  6:03  Barracks  
  62  6:09  Supply Depot  
  62  6:10  Supply Depot  
  62  6:22  Medivac, SCV x2, Marine x2  
  62  6:24  Supply Depot  
  68  6:32  Marine  
  70  6:33  Marauder  
  70  6:35  SCV  
  70  6:37  SCV  
  72  6:40  Marine  
  73  6:51  Marine  
  73  6:52  Marauder  
  79  6:55  Marine  
  79  6:57  SCV x2  
  79  7:00  Factory Reactor  
  76  7:01  Barracks Reactor  
  76  7:03  Barracks Reactor  
  76  7:05  Marine  
  77  7:09  SCV x2, Marine  
  77  7:14  Marauder, Terran Infantry Armor Level 1  
  82  7:18  Supply Depot  
  82  7:19  Supply Depot  
  82  7:22  Refinery  
  82  7:23  Marine x2  
  82  7:27  SCV, Marine  
  82  7:28  Armory  
  86  7:33  SCV  
  86  7:34  Marine  
  88  7:37  Medivac  
  88  7:41  Supply Depot, Marine x2  
  92  7:44  Supply Depot  
  92  7:51  Widow Mine  
  91  7:52  Widow Mine, Marine x2  
  91  7:56  Marine x2  
  99  8:01  Marine x2  
  99  8:03  SCV  
  102  8:10  Marine x2  
  102  8:11  Supply Depot  
  102  8:12  Supply Depot  
  104  8:17  Marine x2  
  105  8:24  Marine  
  96  8:28  Marauder  
  96  8:29  Marauder  
  96  8:33  SCV  
  99  8:34  Marine x2  
  99  8:38  Widow Mine  
  103  8:42  SCV  
  103  8:46  Marine  
  103  8:47  Marine  
  106  8:48  SCV  
  106  8:50  Marauder  
  106  8:51  Marine  
  106  8:55  SCV  
  111  8:59  Widow Mine  
  111  9:00  Marine  
  114  9:05  Marine x2  
  114  9:06  Widow Mine  
  118  9:11  Marine  
  118  9:12  Marauder  
  108  9:26  Liberator x2  
  108  9:29  Marauder, Marine x3  
  110  9:32  Marine  
  110  9:33  Marauder, Marine x2  
  121  9:46  Marine x2  
  118  9:58  Marine x3  
  118  9:59  Marauder, Widow Mine x2  
  119  10:00  Marine  
  119  10:05  Marine  
  125  10:07  Marine  
  126  10:17  Marine x2  
  126  10:18  Marauder, Marine  
  126  10:21  Marine  
  131  10:22  Marauder  
  131  10:23  Marine  
  131  10:25  Marine  
  136  10:33  Supply Depot  
  136  10:35  Supply Depot  
  136  10:39  Marine  
  136  10:40  Marauder, Marine  
  140  10:43  Marine  
  140  10:46  Marine  
  138  11:01  Marine  
  138  11:02  Marauder  
  135  11:07  Marine  
  135  11:08  Marauder  
  135  11:09  Marine  
  112  11:14  Marine x2  
  112  11:17  Marine  
  87  11:23  Marauder  
  87  11:25  Marine x2  
  85  11:26  SCV  
  85  11:27  Marine  
  85  11:31  Marine  
  85  11:32  Marine  
  77  11:36  SCV  
  75  11:40  Medivac  
  77  11:54  Marine x3  
  77  11:55  Marauder x2  
  77  11:59  Marine x2  
  86  12:11  Marine  
  86  12:12  Marine  
  86  12:13  Orbital Command  
  87  12:16  Marauder  
Tags
 
Add a new tag
Caveats
  • Supply blocks, unpowered buildings, or Contaminate may cause inaccurate times.
  • Supply counts are checked every 10 seconds.